 Dungeon Crawl Stone Soup version bcrawl-1.41.1 (webtiles) character file.

Game seed: 11874574758924764017

184490 Grimmash the Sneak (level 3, 7/20 HPs)
             Began as a Skeleton Archaeologist on Apr 18, 2024.
             Quit the game on level 2 of the Dungeon.
             The game lasted 00:00:44 (782 turns).

Grimmash the Sneak (Skeleton Archaeologist)          Turns: 782, Time: 00:00:44

Health: 7/20       AC:  6    Str: 18    XL:     3   Next: 98%
Magic:  1/4        EV: 12    Int: 12    God:
Gold:   53         SH:  0    Dex:  7    Spells: 4/4 levels left

rFire    . . .     GDR:     19% a - +0 whip
rCold    + . .     SeeInvis .   (no shield)
rNeg     + + +     Gourm    .   c - +1 robe
rPois    ∞         Faith    .   d - +1 hat
rElec    .         Spirit   +   (no cloak)
rCorr    .         Reflect  .   (no gloves)
MR       .....                  e - +1 pair of boots
Stlth    ++........             (no amulet)
HPRegen  0.13/turn              (no ring)
MPRegen  0.09/turn              (no ring)

@: no status effects
A: no food or potions, cold resistance 1, deterioration 1, negative energy
resistance 3, torment resistance, unbreathing, magic shield, sturdy frame 1,
spell healing
a: no special abilities


You were on level 2 of the Dungeon.
You were not hungry.

You visited 1 branch of the dungeon, and saw 2 of its levels.

You collected 53 gold pieces.

Inventory:

Hand Weapons
 a - a +0 whip (weapon)
 b - a +0 blowgun
Missiles
 f - 6 curare-tipped needles
 k - 224 poisoned needles
Armour
 c - a +1 robe (worn)
 d - a +1 hat (worn)
 e - a +1 pair of boots (worn)
Scrolls
 g - a scroll of revelation
 i - 4 scrolls of identify
 j - 4 scrolls of teleportation {unknown}
 l - 2 scrolls of remove curse {unknown}
Miscellaneous
 h - a dusty tome


   Skills:
 * Level 1.3 Fighting
 * Level 1.8 Maces & Flails
 * Level 1.0 Armour
 * Level 3.9 Dodging
 + Level 4.1 Stealth
 * Level 1.1 Spellcasting


You had 4 spell levels left.
You didn't know any spells.
Your spell library was empty.

Dungeon Overview and Level Annotations

Branches:
Dungeon (2/12)

Altars:


Innate Abilities, Weirdness & Mutations

You do not eat or drink.
You are immune to poison.
Your flesh is cold resistant. (rC+)
Your body sometimes deteriorates upon taking damage.
You are immune to negative energy. (rN+++)
You are immune to unholy pain and torment.
You can survive without breathing.
When hurt, damage is shared between your health and your magic reserves.
Your movements are slightly less encumbered by armour. (ER -2)
Casting spells heals you.


Message History

You are too injured to fight recklessly!
You are too injured to fight recklessly!
You are too injured to fight recklessly!
You are too injured to fight recklessly!
You are too injured to fight recklessly!
You are too injured to fight recklessly!
You are too injured to fight recklessly!
You are too injured to fight recklessly!
No path to travel!
You hit the scorpion.
You kill the scorpion!
You feel your intelligence returning.
Your Armour skill increases to level 1!
Your Stealth skill increases to level 4!
Your Spellcasting skill increases to level 1!
You have reached level 3!
Your experience leads to an increase in your attributes!
Increase (S)trength, (I)ntelligence, or (D)exterity?
You feel stronger.
Are you sure you want to abandon this character and quit the game? (Confirm with "yes".)

#.......# ...
#.......# ...
#....>..# ....
#..?....# .....
#.....?.##.....
#..............
#........%..###
#......@# ..).
#.....!.#...
#.......#.#
#########...#
#.........###
.# #.........#
.# #.........#
##.#
#.........# #
#.. #.........#
#.###.#####


There were no monsters in sight!

Vanquished Creatures
  A scorpion (D:2)
  A leopard gecko (D:1)
  A goblin (D:1)
  2 hobgoblins
  4 jackals (D:1)
  A kobold (D:1)
  3 bats
  2 frilled lizards (D:1)
  A rat (D:2)
16 creatures vanquished.

Notes
Turn   | Place    | Note
-------+----------+-------------------------------------------
     0 | D:1      | Grimmash the Skeleton Archaeologist began the quest for the
                  | Orb.
     0 | D:1      | Reached XP level 1. HP: 12/12 MP: 1/1
   430 | D:1      | Reached XP level 2. HP: 14/16 MP: 2/2
   764 | D:2      | Noticed a scorpion
   781 | D:2      | Killed a scorpion
   782 | D:2      | Reached skill level 1 in Armour
   782 | D:2      | Reached skill level 4 in Stealth
   782 | D:2      | Reached skill level 1 in Spellcasting
   782 | D:2      | Reached XP level 3. HP: 7/20 MP: 1/4
   782 | D:2      | Quit the game

Skill      XL: |  1  2 |
---------------+-------+-----
Armour         | 1 |  1.0
Stealth        | 4 |  4.1
Spellcasting   | 1 |  1.1
Fighting       | |  1.3
Maces & Flails | |  1.8
Dodging        | |  3.9

Action                   || total
-------------------------++-------
Melee: Whip              ||    72
 Stab: Sleeping          ||     3
Armor: Robe              ||    27
Dodge: Dodged            ||    57
